[Event "2nd Salamanca Festival 2019"]
[Site "Salamanca"]
[Date "2019.11.29"]
[Round "5.1"]
[White "Vega Gutierrez, Sabrina"]
[Black "Santos Ruiz, Miguel"]
[Result "0-1"]
[ECO "B40"]
[WhiteElo "2374"]
[BlackElo "2583"]
[Annotator "RC"]
[PlyCount "120"]
[EventDate "2019.11.27"]
[EventType "swiss"]
[EventCountry "ESP"]
[SourceTitle "playchess.com"]
[Source "ChessBase"]
[SourceQuality "1"]
[TimeControl "2400+5"]

1. e4 e6 2. Qe2 c5 3. Nf3 Nc6 4. c3 d5 5. d3 e5 6. g3 d4 7. Bg2 Bd6 8. O-O Nge7 9. Na3 Ng6 10. Ne1 O-O 11. h4 Re8 12. h5 Nf8 13. f4 h6 14. f5 f6 15. Nf3 Rb8 16. Nc4 Bc7 17. a4 a6 18. Nh4 b5 19. axb5 axb5 20. Nd2 dxc3 21. bxc3 Qd6 22. Ndf3 Qd7 23. Be3 Bd6 24. Nh2 b4 25. cxb4 cxb4 26. Ng4 Nh7 27. d4 Ng5 28. Qc4+ Kh7 29. d5 Nd4 30. Bxd4 exd4 31. Qxd4 Nxe4 32. Bxe4 Qe7 33. Nf2 Bc5 34. Qc4 Bxf2+ 35. Rxf2 Qxe4 36. Qxe4 Rxe4 37. Rd2 b3 38. d6 Rc4 39. Rb1 Rc2 40. Rdd1 b2 41. Nf3 Bxf5 42. Nd4 Rd2 43. Nxf5 Rxd1+ 44. Rxd1 b1=Q 45. Rxb1 Rxb1+ 46. Kf2 Kg8 47. Ke3 Kf7 48. g4 Rd1 49. Kf4 Re1 50. Kf3 Re5 51. Kf4 Re8 52. Kf3 Re1 53. Kf4 g5+ 54. Kf3 Rf1+ 55. Ke4 Rf4+ 56. Kd5 Rxf5+ 57. gxf5 Ke8 58. Ke6 g4 59. Kxf6 g3 60. Ke6 g2 0-1

[Event "2nd Salamanca Festival 2019"]
[Site "Salamanca"]
[Date "2019.11.30"]
[Round "6.4"]
[White "Vega Gutierrez, Sabrina"]
[Black "Milliet, Sophie"]
[Result "1/2-1/2"]
[ECO "A33"]
[WhiteElo "2374"]
[BlackElo "2394"]
[Annotator "NA"]
[PlyCount "48"]
[EventDate "2019.11.27"]
[EventType "swiss"]
[EventCountry "ESP"]
[SourceTitle "playchess.com"]
[Source "ChessBase"]
[SourceQuality "1"]
[TimeControl "2400+5"]

1. Nf3 c5 2. c4 Nc6 3. d4 cxd4 4. Nxd4 Nf6 5. Nc3 e6 6. a3 Be7 7. e4 O-O 8. Be2 d5 9. exd5 exd5 10. O-O Nxd4 11. Qxd4 dxc4 12. Qxd8 Rxd8 13. Bxc4 h6 14. Be3 Bf5 15. Rfd1 a6 16. Bb6 Rxd1+ 17. Rxd1 Rc8 18. Nd5 Nxd5 19. Bxd5 Rc2 20. b4 Rc3 21. Bxb7 Rxa3 22. Bc5 Bxc5 23. bxc5 Rc3 24. Bxa6 Rxc5 1/2-1/2

[Event "2nd Salamanca Festival 2019"]
[Site "Salamanca"]
[Date "2019.11.30"]
[Round "7.1"]
[White "Milliet, Sophie"]
[Black "Santos Ruiz, Miguel"]
[Result "1/2-1/2"]
[ECO "B31"]
[WhiteElo "2394"]
[BlackElo "2583"]
[Annotator "RC"]
[PlyCount "88"]
[EventDate "2019.11.27"]
[EventType "swiss"]
[EventCountry "ESP"]
[SourceTitle "playchess.com"]
[Source "ChessBase"]
[SourceQuality "1"]
[TimeControl "2400+5"]

1. e4 c5 2. Nf3 Nc6 3. Bb5 g6 4. Bxc6 bxc6 5. d4 cxd4 6. Qxd4 f6 7. O-O d6 8. c4 c5 9. Qd3 Bg7 10. Nc3 Nh6 11. Nh4 Nf7 12. f4 O-O 13. f5 g5 14. Nf3 Rb8 15. h3 e6 16. b3 Qd7 17. fxe6 Qxe6 18. Bb2 f5 19. exf5 Qxf5 20. Qd2 Qf4 21. Nd5 Qxd2 22. Ne7+ Kh8 23. Bxg7+ Kxg7 24. Nxd2 Bb7 25. Nf5+ Kg6 26. Rae1 Rbe8 27. Re7 Bc8 28. Rfe1 Bd7 29. g4 Rxe7 30. Nxe7+ Kg7 31. Nd5 Ne5 32. Rf1 Re8 33. Nf6 Re6 34. Nh5+ Kg6 35. Rf8 Bc6 36. Rg8+ Kf7 37. Rg7+ Kf8 38. Rxa7 Nd3 39. Rxh7 Re1+ 40. Nf1 Re2 41. Nfg3 Rg2+ 42. Kf1 Rf2+ 43. Kg1 Rg2+ 44. Kf1 Rf2+ 1/2-1/2

[Event "2nd Salamanca Festival 2019"]
[Site "Salamanca"]
[Date "2019.11.30"]
[Round "7.2"]
[White "Iturrizaga Bonelli, Eduardo"]
[Black "Vega Gutierrez, Sabrina"]
[Result "1-0"]
[ECO "A27"]
[WhiteElo "2597"]
[BlackElo "2374"]
[Annotator "RC"]
[PlyCount "61"]
[EventDate "2019.11.27"]
[EventType "swiss"]
[EventCountry "ESP"]
[SourceTitle "playchess.com"]
[Source "ChessBase"]
[SourceQuality "1"]
[TimeControl "2400+5"]

1. c4 e5 2. Nc3 Nc6 3. Nf3 f5 4. d4 e4 5. Ng5 Be7 6. Nh3 Nf6 7. Nf4 O-O 8. g3 a5 9. Bg2 Nb4 10. f3 exf3 11. exf3 c6 12. O-O Na6 13. Re1 Nc7 14. d5 Bc5+ 15. Be3 Bxe3+ 16. Rxe3 Na6 17. Qd4 Nb4 18. Rc1 Re8 19. a3 Rxe3 20. Qxe3 Na6 21. d6 b6 22. Na4 Rb8 23. Bf1 Qe8 24. Qd2 Nc5 25. Nxc5 bxc5 26. Re1 Qd8 27. Re7 Qb6 28. Ne6 dxe6 29. Qg5 Nh5 30. Re8+ Kf7 31. Rf8+ 1-0